 Dungeon Crawl Stone Soup version 0.21.1-1-g345015fe64 (webtiles) character file.

475445 Napalmbreeze the Slayer (level 23, -3/351 HPs)
             Began as a Minotaur Berserker on July 19, 2018.
             Was the Champion of Trog.
             Shot with a bolt by a yaktaur captain (33 damage)
             ... on level 5 of the Vaults.
             The game lasted 02:17:55 (51358 turns).

Napalmbreeze the Slayer (Minotaur Berserker)       Turns: 51358, Time: 02:18:01

Health: -3/351     AC: 19    Str: 29    XL:     23   Next: 32%
Magic:  22/22      EV: 31    Int:  7    God:    Trog [******]
Gold:   242        SH:  3    Dex: 19    Spells: 22/22 levels left

rFire    + . .     SeeInvis .   B - +5 executioner's axe (elec)
rCold    + . .     Gourm    .   (shield currently unavailable)
rNeg     . . .     Faith    .   i - +6 scale mail of the Land of Plenty {Dex+4 Stlth+}
rPois    .         Spirit   .   R - +1 hat
rElec    .         Reflect  +   A - scarf {rC+ rF+}
rCorr    .         Harm     .   S - +3 pair of gauntlets of War {Slay+5}
MR       +++..                  V - +2 pair of boots {run}
Stlth    ..........             q - +3 amulet of reflection
HPRegen  1.68/turn              a - +5 ring of evasion
MPRegen  0.18/turn              t - +6 ring of protection

@: berserking, lethally poisoned (-3 -> -12), marked, corroded, regenerating,
very quick
A: retaliatory headbutt, horns 2, yellow scales 1, screaming 1
}: 3/15 runes: decaying, abyssal, gossamer
a: Berserk, Trog's Hand, Brothers in Arms, Burn Spellbooks, Renounce Religion


You were on level 5 of the Vaults.
You worshipped Trog.
Trog was exalted by your worship.
You were not hungry.

You visited 6 branches of the dungeon, and saw 36 of its levels.
You visited the Abyss 1 time.
You visited 2 bazaars.
You also visited: Ice Cave.

You collected 4313 gold pieces.
You spent 4071 gold pieces at shops.

Inventory:

Hand Weapons
 w - a +9 battleaxe of flaming
 x - a +4 battleaxe of electrocution
 B - a +5 executioner's axe of electrocution (weapon)
Armour
 i - the +6 scale mail of the Land of Plenty (worn) {Dex+4 Stlth+}
   (You found it on level 3 of the Spider Nest)

   It affects your dexterity (+4).
   It makes you more stealthy.
 A - a scarf of resistance (worn)
 R - a +1 hat (worn)
 S - the +3 pair of gauntlets of War (worn) {Slay+5}
   (You acquired it on level 4 of the Vaults)

   It affects your accuracy and damage with ranged weapons and melee attacks
   (+5).
 U - a +2 plate armour of poison resistance
 V - a +2 pair of boots of running (worn)
Jewellery
 a - a +5 ring of evasion (left hand)
 h - an uncursed amulet of the gourmand
 l - a +5 ring of evasion
 q - a +3 amulet of reflection (around neck)
 t - a +6 ring of protection (right hand)
 I - an uncursed ring of protection from cold
 N - an uncursed ring of see invisible
 Q - an uncursed ring of protection from fire
 T - an uncursed ring of poison resistance
Wands
 s - a wand of paralysis (23)
 y - a wand of acid (46)
 z - a wand of digging (33)
 L - a wand of disintegration (7)
Scrolls
 b - 2 scrolls of brand weapon
 d - 14 scrolls of teleportation
 f - 4 scrolls of magic mapping
 g - 9 scrolls of remove curse
 j - a scroll of summoning
 k - 13 scrolls of identify
 m - 4 scrolls of holy word
 u - 3 scrolls of fog
 C - 5 scrolls of blinking
 G - 10 scrolls of enchant armour
 O - a scroll of silence
 P - 2 scrolls of fear
Potions
 e - 4 potions of flight
 n - 10 potions of agility
 o - 3 potions of might
 p - 10 potions of brilliance
 r - 4 potions of curing
 v - 3 potions of cancellation
 D - 2 potions of heal wounds
 E - a potion of invisibility
 H - 4 potions of ambrosia
 J - 4 potions of mutation
 K - 3 potions of berserk rage
 M - a potion of magic
Comestibles
 c - 31 rations
 F - 4 chunks of flesh


   Skills:
 + Level 25.5 Fighting
 + Level 20.1(21.2) Axes
   Level 12.4(17.6) Maces & Flails
   Level 3.3(14.0) Polearms
 + Level 20.2 Armour
 * Level 19.1 Dodging


You had 22 spell levels left.
You didn't know any spells.

Dungeon Overview and Level Annotations

Branches:
Dungeon (15/15)            Temple (0/1) D:7            Lair (6/6) D:11
  Swamp (4/4) Lair:3       Spider (4/4) Lair:3        Slime (0/5) Lair:5
    Orc (2/2) D:10            Elf (0/3) Orc:2        Vaults (5/5) D:14
  Crypt (0/3) Vaults:2     Depths (0/5) D:15

Altars:
Cheibriados
Hepliaklqana
Kikubaaqudgha
Makhleb
Wu Jian

Shops:
D:9 %   D:12 **([!   Orc:2 ([*:   Vaults:4 *!?*[


Innate Abilities, Weirdness & Mutations

You reflexively headbutt those who attack you in melee.
You have a pair of horns on your head.
You are partially covered in yellow scales. (AC +2)
You occasionally shout uncontrollably at your foes.


Message History

The tengu reaver hits you with a dire flail!
* * * LOW HITPOINT WARNING * * *
The tengu reaver pecks you but does no damage.
The tengu reaver barely misses you.
The iron dragon bites you but does no damage.
The iron dragon completely misses you. The iron dragon misses you.
You chop the tengu reaver into pieces!!!
You kill the tengu reaver!
Trog accepts your kill.
Trog appreciates your killing of a magic user.
You slash the battlesphere! You barely miss the redback.
You completely miss the iron dragon.
The battlesphere dissipates.
The redback bites you!
* * * LOW HITPOINT WARNING * * *
You are more poisoned.
The redback poisons you!
The deep elf mage mumbles some strange words.
The deep elf mage blinks!
The yaktaur captain wields an arbalest.
The yaktaur captain shoots a bolt.
The bolt hits you!!
You die...

################
#....os.§Da.)...
#...)XD@)cC.§c..
#..ee###########
#..........
#..#.#.#o##
#..#.#D# #..#.#
# #..#.. #..#.#
#.. ..


You could see a shadow dragon, a tentacled monstrosity, an iron dragon, a fire
giant, 2 yaktaur captains, an entropy weaver, a deep elf sorcerer, a deep elf
high priest, a redback and an orc.

Vanquished Creatures
  the Lernaean hydra (Swamp:4)
  A golden dragon (Vaults:4)
  A bone dragon (Vaults:2)
  Jorgrun (Spider:2)
  2 tentacled monstrosities
  A titan (Vaults:5)
  4 sphinxes
  A tentacled starspawn (Abyss:4)
  Kirke (Spider:3)
  4 tengu reavers
  A shadow dragon (Vaults:4)
  A storm dragon (Vaults:5)
  A frost giant (IceCv)
  2 fire giants
  A deep elf sorcerer (Vaults:1)
  14 vault wardens
  2 ghost moths (Spider:4)
  A deep elf elementalist (Vaults:5)
  2 ghouls
  An orc warlord (Orc:2)
  6 emperor scorpions (Spider:4)
  13 ironheart preservers
  4 entropy weavers
  7 stone giants
  A deep elf annihilator (Vaults:1)
  Azrael (Orc:2)
  Nessos (D:13)
  2 spark wasps (Spider:4)
  A blizzard demon (Abyss:4)
  6 ettins
  A deep elf death mage (Vaults:2)
  8 fire dragons
  4 great orbs of eyes
  Harold (Orc:1)
  9 yaktaur captains
  33 vault guards
  26 hydras
  2 rakshasas (Vaults:3)
  2 ice dragons
  7 centaur warriors
  A catoblepas (Lair:4)
  3 dancing weapons
  2 deep troll earth magi
  9 alligators
  3 death knights
  8 ogre magi
  30 two-headed ogres
  A queen ant (Lair:3)
  2 death yaks (IceCv)
  4 tengu warriors
  A deep troll shaman (Vaults:3)
  2 thrashing horrors (Abyss:4)
  3 orc high priests (Orc:2)
  5 deep elf knights
  3 shadow wraiths (Vaults:4)
  A wretched star (Abyss:4)
  A sixfirhy (Abyss:4)
  10 skeletal warriors
  2 spatial maelstroms (Abyss:4)
  11 deep trolls
  14 swamp dragons
  An unseen horror (D:12)
  2 flayed ghosts
  4 wizards
  4 glowing orange brains
  15 ironbrand convokers
  5 shambling mangroves
  8 deep elf archers
  7 spriggan druids
  15 orc knights
  A necromancer (Vaults:3)
  13 harpies
  6 oklob plants
  2 phantasmal warriors
  15 orb spiders
  14 deep elf magi
  6 orc sorcerers
  A stone giant zombie (Vaults:3)
  A salamander (shapeshifter) (Vaults:1)
  34 wolf spiders
  2 cyclopes
  15 ugly things
  2 moths of wrath
  A worldbinder (Abyss:4)
  A stone giant skeleton (Vaults:3)
  2 centaur zombies
  6 elephants (Lair:6)
  An ice statue (IceCv)
  A guardian serpent (shapeshifter) (Vaults:1)
  7 black mambas
  A black mamba (shapeshifter) (Vaults:4)
  4 molten gargoyles (D:9)
  5 torpor snails
  13 vault sentinels
  2 smoke demons (Abyss:4)
  An orange demon (Abyss:4)
  3 kobold demonologists
  33 spiny frogs
  9 komodo dragons
  48 yaktaurs
  An efreet (D:14)
  2 rime drakes
  16 demonic crawlers
  6 freezing wraiths
  2 ice devils (Lair:3)
  A queen bee (shapeshifter) (Abyss:4)
  7 trolls
  3 meliai (Spider:3)
  17 polar bears
  A queen bee (Spider:3)
  A troll (shapeshifter) (Vaults:2)
  8 tyrant leeches
  35 jumping spiders
  A tengu simulacrum (Vaults:3)
  33 hornets
  21 blink frogs
  5 bog bodies
  12 hippogriffs
  33 slime creatures
  16 spriggans
  A centaur simulacrum (D:15)
  4 shadows
  A ynoxinul (Abyss:4)
  52 yaks
  92 redbacks
  42 tarantellas
  A spriggan (shapeshifter) (Vaults:1)
  2 vampires
  5 wyverns
  3 fire elementals
  8 wraiths
  A hog (Spider:3)
  3 basilisks
  A hungry ghost (D:11)
  Eustachio (D:4)
  3 wargs
  24 vampire mosquitoes
  3 large abominations (Abyss:4)
  15 swamp worms
  An acid dragon (shapeshifter) (Vaults:3)
  3 acid dragons
  7 soldier ants
  6 hell hounds
  A swamp worm (shapeshifter) (Vaults:4)
  15 water moccasins
  17 swamp drakes
  13 porcupines
  4 ice beasts
  A sky beast (shapeshifter) (Abyss:4)
  3 small abominations (Abyss:4)
  2 sky beasts (D:13)
  8 black bears
  2 phantoms
  42 orc warriors
  38 ogres
  2 necrophages
  11 centaurs
  25 wolves
  The ghost of Ablot the Shield-Bearer, an amateur GrFi (D:3)
  24 crocodiles
  3 big kobolds
  A human zombie (Vaults:3)
  26 bullfrogs
  3 scorpions
  A wyvern skeleton (D:15)
  13 wights
  38 killer bees
  5 howler monkeys
  2 electric eels (Lair:6)
  A lava snake (D:9)
  4 crimson imps
  A bullfrog zombie (D:13)
  4 jellies
  10 hounds
  27 orc priests
  4 centaur skeletons
  Ijyb (D:3)
  Natasha (thrice) (D:2)
  7 iguanas
  21 orc wizards
  38 worker ants
  2 howler monkey zombies (D:9)
  3 gnolls (D:6)
  15 adders
  2 shadow imps
  An ooze (D:9)
  An adder skeleton (D:8)
  An adder zombie (D:9)
  5 worms
  A dart slug (D:3)
  18 leopard geckos
  77 orcs
  A ball python (D:2)
  4 bats
  3 giant cockroaches
  8 goblins
  5 hobgoblins
  3 jackals (D:5)
  4 quokkas
  12 frilled lizards
  A jackal skeleton (D:4)
  25 kobolds
  8 rats
  7 fungi
  9 plants
  A starspawn tentacle (Abyss:4)
1744 creatures vanquished.

Vanquished Creatures (collateral kills)
  Sojobo (Vaults:2)
  Rupert (Lair:4)
  A death knight (D:11)
  Sonja (Lair:4)
  2 oklob plants (Lair:1)
  A freezing wraith (D:11)
  An orc wizard (Orc:2)
  A plant (Lair:1)
9 creatures vanquished.

Vanquished Creatures (others)
  A shadow wraith (Vaults:2)
  2 harpies (Vaults:4)
  An orb spider (Spider:3)
  A hornet (Swamp:1)
  A yak (IceCv)
  2 humans (Spider:3)
  A warg (Vaults:3)
  2 wolves (IceCv)
  A killer bee (Spider:3)
  An orc wizard (Orc:2)
  An orc (Vaults:5)
  24 fungi
  58 plants
  3 starspawn tentacles (Abyss:4)
99 creatures vanquished.

Grand Total: 1852 creatures vanquished

Notes
Turn   | Place    | Note
-------+----------+-------------------------------------------
     0 | D:1      | Napalmbreeze the Minotaur Berserker began the quest for the Orb.
     0 | D:1      | Reached XP level 1. HP: 19/19 MP: 0/0
   225 | D:1      | Reached XP level 2. HP: 27/27 MP: 1/1
  1080 | D:2      | Noticed Natasha
  1094 | D:2      | Killed Natasha
  1094 | D:2      | Reached skill level 4 in Fighting
  1094 | D:2      | Reached skill level 1 in Polearms
  1094 | D:2      | Reached XP level 3. HP: 18/33 MP: 2/2
  1244 | D:2      | Reached ** piety under Trog
  1268 | D:2      | Noticed Natasha
  1275 | D:2      | Killed Natasha
  1275 | D:2      | Reached XP level 4. HP: 35/40 MP: 3/3
  1285 | D:2      | Noticed Natasha
  1295 | D:2      | Killed Natasha
  1583 | D:2      | Reached XP level 5. HP: 43/47 MP: 4/4
  1809 | D:3      | Found an ornate altar of the Wu Jian Council.
  1902 | D:3      | Noticed Ijyb
  1909 | D:3      | HP: 1/70 [Ijyb/enchanted club (7)]
  1911 | D:3      | Killed Ijyb
  2214 | D:3      | Noticed Ablot's ghost (amateur GrFi)
  2223 | D:3      | Killed Ablot's ghost
  2223 | D:3      | Reached skill level 1 in Maces & Flails
  2223 | D:3      | Reached XP level 6. HP: 55/55 MP: 5/5
  2631 | D:3      | Reached skill level 5 in Fighting
  3323 | D:4      | Noticed Eustachio
  3333 | D:4      | Killed Eustachio
  3333 | D:4      | Reached *** piety under Trog
  3333 | D:4      | Reached XP level 7. HP: 54/61 MP: 6/6
  3553 | D:5      | Entered Level 5 of the Dungeon
  3553 | D:5      | Found a burning altar of Makhleb.
  3678 | D:5      | Reached skill level 5 in Armour
  3788 | D:5      | Reached skill level 6 in Fighting
  3788 | D:5      | Reached skill level 5 in Maces & Flails
  3909 | D:5      | Reached skill level 5 in Dodging
  3909 | D:5      | Reached XP level 8. HP: 70/70 MP: 7/7
  5209 | D:7      | Reached skill level 7 in Fighting
  5489 | D:7      | Noticed a hippogriff
  5513 | D:7      | Killed a hippogriff
  5513 | D:7      | Reached **** piety under Trog
  5513 | D:7      | Reached XP level 9. HP: 40/79 MP: 8/8
  5746 | D:7      | Found a staircase to the Ecumenical Temple.
  6503 | D:8      | Reached skill level 8 in Fighting
  7184 | D:8      | Reached skill level 9 in Fighting
  7241 | D:8      | Noticed a two-headed ogre
  7256 | D:8      | Killed a two-headed ogre
  7256 | D:8      | Reached XP level 10. HP: 55/91 MP: 9/9
  7743 | D:9      | Noticed a molten gargoyle
  7759 | D:9      | Killed a molten gargoyle
  8093 | D:9      | Noticed a molten gargoyle
  8094 | D:9      | Noticed a molten gargoyle
  8114 | D:9      | Killed a molten gargoyle
  8117 | D:9      | Killed a molten gargoyle
  8117 | D:9      | Reached skill level 10 in Fighting
  8610 | D:9      | Reached ***** piety under Trog
  8853 | D:9      | Reached skill level 10 in Maces & Flails
  8989 | D:9      | Received a gift from Trog
  9239 | D:9      | Found Tyeph's Food Boutique.
  9431 | D:9      | Noticed a molten gargoyle
  9445 | D:9      | Killed a molten gargoyle
  9445 | D:9      | Reached skill level 11 in Fighting
  9951 | D:10     | Entered Level 10 of the Dungeon
  9954 | D:10     | Found a staircase to the Orcish Mines.
 10375 | D:10     | Reached XP level 11. HP: 86/102 MP: 10/10
 10535 | D:11     | Noticed a death knight
 10535 | D:11     | Noticed a skeletal warrior
 10535 | D:11     | Noticed a skeletal warrior
 10965 | D:11     | Noticed a skeletal warrior
 10966 | D:11     | Noticed a skeletal warrior
 10967 | D:11     | Noticed a skeletal warrior
 11007 | D:11     | Killed a skeletal warrior
 11007 | D:11     | Reached skill level 12 in Fighting
 11390 | D:11     | Killed a skeletal warrior
 11399 | D:11     | Killed a skeletal warrior
 11399 | D:11     | Reached skill level 10 in Armour
 11876 | D:11     | Noticed a red ugly thing
 11888 | D:11     | Killed a red ugly thing
 11969 | D:11     | Found a staircase to the Lair.
 11969 | D:11     | Noticed an oklob plant
 11976 | D:11     | Noticed an oklob plant
 12091 | D:11     | Killed a skeletal warrior
 12116 | D:11     | Killed a skeletal warrior
 12116 | D:11     | Reached skill level 13 in Fighting
 12255 | D:11     | Killed a death knight
 12598 | D:11     | Killed an oklob plant
 12873 | D:11     | Killed an oklob plant
 13003 | Lair:1   | Entered Level 1 of the Lair of Beasts
 13066 | Lair:1   | Reached XP level 12. HP: 115/115 MP: 11/11
 13221 | Lair:1   | Reached skill level 10 in Dodging
 13223 | Lair:1   | Found a snail-covered altar of Cheibriados.
 13630 | Lair:1   | Identified the Volume of Cold
 14292 | Lair:1   | Found an ancient bone altar of Kikubaaqudgha.
 14680 | Lair:2   | Reached skill level 14 in Fighting
 14953 | Lair:2   | Noticed an eight-headed hydra
 14970 | Lair:2   | Killed an eight-headed hydra
 15580 | Lair:3   | Noticed a five-headed hydra
 15588 | Lair:3   | Killed a five-headed hydra
 15631 | Lair:3   | Found a hole to the Spider Nest.
 15633 | Lair:3   | Found a staircase to the Swamp.
 15803 | Lair:3   | Found a frozen archway.
 15834 | IceCv    | Entered an ice cave
 16893 | IceCv    | Received a gift from Trog
 17134 | IceCv    | Reached skill level 5 in Axes
 17160 | IceCv    | Reached XP level 13. HP: 117/125 MP: 12/12
 17196 | IceCv    | Reached skill level 15 in Fighting
 17265 | IceCv    | Noticed a frost giant
 17285 | IceCv    | Killed a frost giant
 17607 | Lair:3   | Gained mutation: Your mind is acute. (Int +2) [potion of mutation]
 17607 | Lair:3   | Gained mutation: Your spells are a little harder to cast, but a little more powerful. [potion of mutation]
 18388 | Lair:3   | Received a gift from Trog
 19064 | Lair:4   | You fall through a shaft for 2 floors!
 19064 | Lair:6   | Entered Level 6 of the Lair of Beasts
 20117 | Lair:5   | Identified the Incunabulum of Burning Execration
 20195 | Lair:5   | Found a staircase to the Slime Pits.
 20749 | Lair:5   | Reached XP level 14. HP: 136/136 MP: 13/13
 20894 | Lair:5   | Reached skill level 10 in Axes
 20910 | Lair:4   | Noticed Sonja
 20915 | Lair:4   | Noticed Rupert
 20919 | Lair:4   | Killed Sonja
 20921 | Lair:4   | Killed Rupert
 21316 | Lair:4   | Received a gift from Trog
 21526 | Lair:4   | Reached skill level 16 in Fighting
 22503 | Lair:6   | Got an emerald-encrusted leather armour
 22504 | Lair:6   | Identified the cursed +1 leather armour of Conscience {Str+3 Int+5} (You found it on level 6 of the Lair of Beasts)
 22781 | Lair:6   | Received a gift from Trog
 23623 | Orc:1    | Entered Level 1 of the Orcish Mines
 23845 | Orc:1    | Noticed Harold
 23858 | Orc:1    | Killed Harold
 24175 | Orc:2    | Entered Level 2 of the Orcish Mines
 24226 | Orc:2    | Noticed Azrael
 24473 | Orc:2    | Killed Azrael
 24953 | Orc:2    | Found a staircase to the Elven Halls.
 25064 | Orc:2    | Received a gift from Trog
 25572 | Orc:2    | Paralysed by an orc sorcerer for 7 turns
 25681 | Orc:2    | Reached XP level 15. HP: 80/145 MP: 14/14
 26057 | Orc:2    | Noticed an orc warlord
 26067 | Orc:2    | Killed an orc warlord
 26248 | Orc:2    | Found Awaonyp's Antique Armour Emporium.
 26249 | Orc:2    | Found Guecaur's Antique Weapon Emporium.
 26251 | Orc:2    | Found Acuutini's General Store.
 26251 | Orc:2    | Found Ixoig's Book Shoppe.
 26268 | Orc:2    | Bought a pair of runed gloves for 165 gold pieces
 26278 | Orc:2    | Bought a pair of glowing gloves for 165 gold pieces
 26581 | D:12     | Received a gift from Trog
 26635 | D:12     | Found Faok's Weapon Shoppe.
 26691 | D:12     | Found Qodgh's Armour Shoppe.
 26701 | D:12     | Found Jiluq's Distillery.
 26708 | D:12     | Bought a potion of might for 60 gold pieces
 26708 | D:12     | Bought a potion of heal wounds for 75 gold pieces
 26708 | D:12     | Bought a potion of heal wounds for 75 gold pieces
 26708 | D:12     | Bought a potion of might for 60 gold pieces
 26708 | D:12     | Bought a potion of curing for 45 gold pieces
 26871 | D:12     | Found Dovon's Assorted Antiques.
 26882 | D:12     | Bought a potion of curing for 84 gold pieces
 26882 | D:12     | Bought a glowing scarf for 224 gold pieces
 26882 | D:12     | Bought a scroll of identify for 56 gold pieces
 26882 | D:12     | Bought a scroll of enchant armour for 210 gold pieces
 26915 | D:12     | Found Qelus's Assorted Antiques.
 26924 | D:12     | Bought a glowing plate armour for 702 gold pieces
 26924 | D:12     | Bought a pair of runed boots for 202 gold pieces
 26944 | D:12     | Identified a +2 pair of boots of running (You bought it in a shop on level 12 of the Dungeon)
 27522 | D:13     | Reached skill level 17 in Fighting
 27827 | D:13     | Noticed Nessos
 27834 | D:13     | Killed Nessos
 28071 | D:14     | Paralysed by a wizard for 3 turns
 28284 | D:14     | Found a gate to the Vaults.
 28873 | D:14     | Reached skill level 15 in Armour
 29103 | D:15     | Entered Level 15 of the Dungeon
 29248 | D:15     | Found a staircase to the Depths.
 29249 | D:15     | Noticed a fire giant
 29362 | D:15     | Killed a fire giant
 29447 | D:15     | Found a hazy altar of Hepliaklqana.
 29805 | Spider:1 | Entered Level 1 of the Spider Nest
 29862 | Spider:1 | Reached ****** piety under Trog
 29922 | Spider:1 | Received a gift from Trog
 29962 | Spider:1 | Reached skill level 15 in Axes
 30009 | Spider:1 | Reached XP level 16. HP: 129/155 MP: 15/15
 31082 | Spider:2 | Identified a scroll of acquirement
 31213 | Spider:2 | Got a crystal executioner's axe
 31214 | Spider:2 | Identified the +1 executioner's axe "Isisu" {freeze, rC+ MP+9} (You acquired it on level 2 of the Spider Nest)
 31399 | Spider:2 | Reached skill level 18 in Fighting
 31401 | Spider:2 | Noticed Jorgrun
 31414 | Spider:2 | Killed Jorgrun
 32064 | Spider:3 | Got a faintly glowing scale mail
 32087 | Spider:2 | Identified the +6 scale mail of the Land of Plenty {Dex+4 Stlth+} (You found it on level 3 of the Spider Nest)
 32177 | Spider:3 | Noticed Kirke
 32185 | Spider:3 | Killed Kirke
 32185 | Spider:3 | Received a gift from Trog
 32462 | Spider:4 | Entered Level 4 of the Spider Nest
 32954 | Spider:4 | Reached skill level 19 in Fighting
 32965 | Spider:4 | Reached skill level 15 in Dodging
 32971 | Spider:4 | Received a gift from Trog
 32981 | Spider:4 | Reached XP level 17. HP: 139/168 MP: 2/16
 33917 | Spider:4 | Received a gift from Trog
 34909 | Spider:4 | Got a gossamer rune of Zot
 35021 | Swamp:1  | Entered Level 1 of the Swamp
 35498 | Swamp:1  | Noticed a tentacled monstrosity
 35510 | Swamp:1  | Killed a tentacled monstrosity
 35553 | Swamp:1  | Reached skill level 20 in Fighting
 36465 | Swamp:1  | HP: 8/170 [poisoned by a swamp dragon (poison gas)]
 36474 | Swamp:1  | Received a gift from Trog
 37990 | Swamp:3  | Received a gift from Trog
 38395 | Swamp:3  | Reached XP level 18. HP: 139/180 MP: 17/17
 39254 | Swamp:4  | Entered Level 4 of the Swamp
 40776 | Swamp:4  | Received a gift from Trog
 40810 | Swamp:4  | Got a decaying rune of Zot
 40997 | Swamp:4  | Noticed the 27-headed Lernaean hydra
 41014 | Swamp:4  | Reached skill level 21 in Fighting
 41017 | Swamp:4  | Killed the 20-headed Lernaean hydra
 41948 | Vaults:1 | Entered Level 1 of the Vaults
 41959 | Vaults:1 | Got a warped great mace
 42037 | Vaults:1 | Found a flickering gateway to a bazaar.
 42048 | Bazaar   | Entered a bazaar
 42052 | Bazaar   | Found Zeok's Jewellery Boutique.
 42070 | Bazaar   | Found Byoti's Antique Armour Emporium.
 42075 | Bazaar   | Bought an embroidered hat for 175 gold pieces
 42087 | Bazaar   | Found Oliorphuu's Gadget Boutique.
 42104 | Bazaar   | Found Nuheroet's Assorted Antiques.
 42109 | Bazaar   | Bought 3 scrolls of enchant armour for 427 gold pieces
 42109 | Bazaar   | Bought a scroll of enchant armour for 142 gold pieces
 42277 | Vaults:1 | Cast into level 4 of the Abyss (a deep elf sorcerer)
 42334 | Abyss:4  | Received a gift from Trog
 42464 | Abyss:4  | Got an abyssal rune of Zot
 42500 | Vaults:1 | Escaped the Abyss
 42515 | Vaults:1 | Lost mutation: Your mind is acute. (Int +2) [potion of mutation]
 42515 | Vaults:1 | Lost mutation: Your spells are a little harder to cast, but a little more powerful. [potion of mutation]
 42515 | Vaults:1 | Gained mutation: You occasionally shout uncontrollably at your foes. [potion of mutation]
 42515 | Vaults:1 | Gained mutation: You are partially covered in yellow scales. (AC +2) [potion of mutation]
 43199 | Vaults:1 | Reached XP level 19. HP: 104/191 MP: 18/18
 43214 | Vaults:1 | Received a gift from Trog
 43752 | Vaults:1 | Reached skill level 22 in Fighting
 44385 | Vaults:2 | Noticed Sojobo
 44409 | Vaults:2 | Killed Sojobo
 44570 | Vaults:2 | Paralysed by a sphinx for 6 turns
 44841 | Vaults:2 | Noticed a bone dragon
 44842 | Vaults:2 | Found a staircase to the Crypt.
 44852 | Vaults:2 | Killed a bone dragon
 45482 | Vaults:2 | Received a gift from Trog
 45496 | Vaults:2 | Identified the +5 great mace of the Nexus {drain, rC- Int+4 Dex+4} (You found it on level 1 of the Vaults)
 45500 | Vaults:2 | Reached skill level 23 in Fighting
 45500 | Vaults:2 | Reached XP level 20. HP: 203/203 MP: 19/19
 45501 | Vaults:2 | Reached XP level 21. HP: 212/212 MP: 20/20
 46472 | Vaults:3 | Received a gift from Trog
 46486 | Vaults:3 | Found a flickering gateway to a bazaar.
 46492 | Bazaar   | Entered a bazaar
 46492 | Bazaar   | Found Qeomon's Armour Shoppe.
 46492 | Bazaar   | Found Dealy's General Store.
 46492 | Bazaar   | Found Min Odghioku's Weapon Shoppe.
 46492 | Bazaar   | Found Ludephuc's Antique Armour Shop.
 46494 | Bazaar   | Found Selup's General Store.
 46545 | Bazaar   | Bought a scroll of blinking for 112 gold pieces
 46842 | Vaults:3 | Reached skill level 24 in Fighting
 46846 | Vaults:3 | Reached XP level 22. HP: 110/222 MP: 21/21
 47228 | Vaults:3 | Received a gift from Trog
 48944 | Vaults:4 | Received a gift from Trog
 49040 | Vaults:4 | Found Zomamaamm's General Store.
 49073 | Vaults:4 | Found Kuprov's Magic Scroll Emporium.
 49087 | Vaults:4 | Bought a scroll of acquirement for 1092 gold pieces
 49089 | Vaults:4 | Found the +3 pair of gauntlets of War {Slay+5}
 49110 | Vaults:4 | Found Heosoem's Assorted Antiques.
 49482 | Vaults:4 | Paralysed by a great orb of eyes for 3 turns
 49503 | Vaults:4 | Received a gift from Trog
 49503 | Vaults:4 | Reached skill level 25 in Fighting
 49642 | Vaults:4 | Found Gaesok's Antique Armour Boutique.
 49667 | Vaults:4 | Found Vedoovumm's Distillery.
 50166 | Vaults:5 | Entered Level 5 of the Vaults
 50355 | Vaults:4 | Reached XP level 23. HP: 180/234 MP: 22/22
 50471 | Vaults:4 | Received a gift from Trog
 51358 | Vaults:5 | Shot with a bolt by a yaktaur captain

Skill      XL: |  1  2  3  4  5  6  7  8  9 10 11 12 13 14 15 16 17 18 19 20 21 22 23 |
---------------+----------------------------------------------------------------------+-----
Axes           | 4 5 9 12 15 16 17 18 19 20 | 20.1
Fighting       | 4 5 6 7 9 11 13 14 15 16 17 19 20 21 23 24 25 | 25.5
Polearms       | 1 2 3 |  3.3
Armour         | 3 4 5 6 8 9 10 11 13 14 15 16 17 18 19 20 | 20.2
Dodging        | 3 4 5 6 7 8 9 11 12 13 14 15 16 17 18 19 | 19.1
Maces & Flails | 1 3 5 7 9 10 11 12 | 12.4

Action                   |  1- 3 |  4- 6 |  7- 9 | 10-12 | 13-15 | 16-18 | 19-21 | 22-24 || total
-------------------------+-------+-------+-------+-------+-------+-------+-------+-------++-------
Melee: Hand axe          |    28 |       |       |       |       |       |       |       ||    28
       Headbutt          |     5 |    17 |    77 |   211 |   270 |   296 |   111 |   142 ||  1129
       Spear             |    20 |    57 |       |       |       |       |       |       ||    77
       Club              |       |    46 |   271 |       |       |       |       |       ||   317
       Mace              |       |       |    31 |    11 |       |       |       |       ||    42
       Morningstar       |       |       |       |   678 |       |       |       |       ||   678
       Battleaxe         |       |       |       |    60 |  1105 |  1039 |   373 |   132 ||  2709
       Dire flail        |       |       |       |       |     4 |       |       |       ||     4
       Executioner's axe |       |       |       |       |       |    87 |       |   336 ||   423
Invok: Berserk           |       |     3 |     2 |     7 |     5 |     7 |     2 |     4 ||    30
       Trog's Hand       |       |       |       |     5 |     4 |     5 |     1 |     2 ||    17
       Brothers in Arms  |       |       |       |     4 |     2 |       |     1 |       ||     7
       Burn Spellbooks   |       |       |       |     1 |     6 |     1 |       |     1 ||     9
  Use: Scroll            |       |     2 |       |    20 |     9 |    15 |     1 |     6 ||    53
       Potion            |       |       |     1 |     5 |     7 |    12 |     2 |     1 ||    28
 Stab: Sleeping          |       |     1 |       |       |       |     1 |     1 |       ||     3
       Distracted        |       |       |       |       |     1 |       |     1 |       ||     2
       Held in net/web   |       |       |       |       |       |     1 |       |       ||     1
       Confused          |       |       |       |       |       |     1 |       |       ||     1
       Invisible         |       |       |       |       |       |     7 |       |       ||     7
  Eat: Chunk             |     1 |     6 |    10 |    18 |    29 |     7 |     8 |     5 ||    84
       Ration            |       |     1 |     1 |     8 |     6 |    12 |     2 |     4 ||    34
Armor: Animal skin       |     9 |    11 |     7 |       |       |       |       |       ||    27
       Ring mail         |       |       |    58 |       |       |       |       |       ||    58
       Chain mail        |       |       |    17 |    82 |       |       |       |       ||    99
       Plate armour      |       |       |       |   312 |   507 |   408 |    10 |       ||  1237
       Scale mail        |       |       |       |       |    13 |   300 |    96 |   207 ||   616
Dodge: Dodged            |    37 |    44 |   201 |   572 |  1037 |  1728 |   407 |   689 ||  4715
Block: Other             |       |     5 |    33 |    75 |    77 |   163 |    32 |    69 ||   454
       Reflection        |       |       |     2 |     2 |     2 |     1 |     7 |    10 ||    24
